 Dungeon Crawl Stone Soup version 0.15-a0-1723-gae8f746 (webtiles) character file.

1535 Vidiiot the Sneak (level 8, -2/36 HPs)
             Began as a Vine Stalker Conjurer on June 26, 2014.
             Was an Initiate of Ashenzari.
             Slain by a scroll of immolation mimic (3 damage)
             ... on Level 8 of the Dungeon.
             The game lasted 00:20:16 (4661 turns).

Vidiiot the Sneak (Vine Stalker Conjurer)           Turns: 4661, Time: 00:20:17

HP  -2/36        AC  6     Str 12      XL: 8   Next: 86%
MP   0/20        EV 12     Int 17      God: Ashenzari [......]
Gold 183         SH  0     Dex 14      Spells:  4 memorised,  6 levels left

rFire  . . .     SeeInvis .     a - +2 dagger (elec) (curse)
rCold  . . .     Clarity  .     f - +1 robe (curse)
rNeg   . . .     rCorr    .     (no shield)
rPois  .         rRot     +     (no helmet)
rElec  .         Spirit   +     (no cloak)
SustAb .         Warding  .     y - +0 pair of gloves (curse)
rMut   .         Stasis   .     m - +0 pair of boots (curse)
Gourm  .                        (no amulet)
MR     +....                    (no ring)
                                j - cursed +1 ring of protection

@: lethally poisoned, somewhat resistant to hostile enchantments, fairly
stealthy
A: fangs 3, regeneration 2, magic shield, antimagic bite, no device heal 3, rot
immunity
a: Renounce Religion


You were on level 8 of the Dungeon.
You worshipped Ashenzari.
Ashenzari was noncommittal.
You were not hungry.

You visited 2 branches of the dungeon, and saw 9 of its levels.

You collected 183 gold pieces.

Inventory:

Hand weapons
 a - a cursed +2 dagger of electrocution (weapon)
 o - a +1 dagger of flaming
 r - a +2 dagger of venom
Missiles
 g - 3 needles of confusion
Armour
 f - a cursed +1 robe (worn)
 m - a cursed +0 pair of boots (worn)
 y - a cursed +0 pair of gloves (worn)
 A - a +1 pair of gloves
Magical devices
 n - a wand of flame (10)
Comestibles
 b - 2 bread rations
 x - a meat ration
Scrolls
 e - 2 scrolls of teleportation
 k - a scroll of curse jewellery
 q - 7 scrolls of curse armour
 s - 2 scrolls of curse weapon
 t - a scroll of blinking
 u - a scroll of immolation
Jewellery
 j - a cursed +1 ring of protection (left hand)
Potions
 d - a potion of heal wounds
 h - a potion of magic {unknown}
 i - 2 potions of resistance {unknown}
 l - a potion of brilliance
 p - 2 potions of paralysis {unknown}
 z - a potion of curing {unknown}
Books
 c - a book of Conjurations

   Spells                             Type                      Level
   *Magic Dart                        Conjuration                  1
   *Searing Ray                       Conjuration                  2
   *Dazzling Spray                    Conjuration/Hexes            3
   Fulminant Prism                    Conjuration/Hexes            4
   Iskenderun's Mystic Blast          Conjuration                  4
   Iskenderun's Battlesphere          Conjuration/Charms           5
 v - a Young Poisoner's Handbook

   Spells                             Type                      Level
   Sting                              Conjuration/Poison           1
   Cure Poison                        Poison                       2
   *Mephitic Cloud                    Conjuration/Poison/Air       3
   Olgreb's Toxic Radiance            Poison                       4
   Venom Bolt                         Conjuration/Poison           5


   Skills:
 + Level 5.7 Short Blades
 - Level 1.5 Dodging
 - Level 6.0 Stealth
 - Level 4.2 Spellcasting
 - Level 5.6 Conjurations
 - Level 3.5 Hexes
 - Level 2.1 Air Magic
 - Level 2.1 Poison Magic


You had 6 spell levels left.
You knew the following spells:

 Your Spells              Type           Power        Failure   Level  Hunger
a - Magic Dart            Conj           ###.         1%          1    None
b - Searing Ray           Conj           ###...       2%          2    ##.....
c - Dazzling Spray        Conj/Hex       ###.....     10%         3    ###....
d - Mephitic Cloud        Conj/Pois/Air  ##......     14%         3    ###....


Dungeon Overview and Level Annotations

Branches:
Dungeon (8/15)             Temple (1/1) D:5
   Lair: D:8-11

Altars:
Ashenzari
Cheibriados
Dithmenos
Elyvilon
Fedhas
Makhleb
Nemelex Xobeh
Qazlal
Trog
Xom

Annotations:
D:3 exclusion: downstairs
D:5 Blork the orc
D:7 exclusion: downstairs
D:8 Joseph, Prince Ribbit


Innate Abilities, Weirdness & Mutations

You have razor-sharp teeth.
You heal very quickly.
When hurt, damage is shared between your health and your magic reserves.
Your bite disrupts and absorbs the magic of your enemies.
Potions and wands cannot restore your health.
You are immune to rotting.


Message History

* * * LOW HITPOINT WARNING * * *
You feel very sick.
The centaur shoots an arrow.
The arrow hits you!
* * * LOW HITPOINT WARNING * * *
There is a stone staircase leading up here.
You see here an arrow.
Drink which item? (? for menu, Esc to quit)
That seemed strangely inert.
It was a potion of heal wounds.
* * * LOW HITPOINT WARNING * * *
You feel sick.
The scroll of immolation mimic barely misses you.
The scroll of immolation mimic closely misses you.
The centaur shoots an arrow.
The arrow closely misses you.
Drink which item? (? for menu, Esc to quit)
Okay, then.
* * * LOW HITPOINT WARNING * * *
You feel very sick.
The scroll of immolation mimic hits you.
The scroll of immolation mimic hits you!
You die...

#..........#
#
#..........#
#..........#
#............
#........####
##........##
#....c.....#
#..........#
#.......?@(#
#......(...#
#.....(....#
##........##
##......##
########


You could see a scroll of immolation mimic and a centaur.

Vanquished Creatures
  Edmund (D:5)
  2 ogres
  A water moccasin (D:7)
  A phantom (D:5)
  2 centaurs
  2 ice beasts
  3 scorpions
  2 giant frog zombies
  A crimson imp (D:6)
  2 jellies
  A hound (D:4)
  A centaur skeleton (D:7)
  2 orc wizards
  An iguana (D:6)
  A worker ant (D:5)
  Ijyb (D:7)
  10 adders
  2 green rats (D:4)
  A giant mite (D:4)
  A goliath beetle zombie (D:3)
  2 worms
  3 shadow imps
  An adder skeleton (D:4)
  4 giant geckos
  An ooze (D:2)
  7 orcs
  6 ball pythons
  7 bats
  A bat zombie (D:6)
  5 giant cockroaches
  6 goblins
  7 hobgoblins
  6 jackals
  4 quokkas (D:4)
  2 giant newts
  A giant spore (D:7)
  7 kobolds
  A kobold zombie (D:7)
  13 rats
  2 ballistomycetes (D:7)
124 creatures vanquished.

Notes
Turn   | Place    | Note
--------------------------------------------------------------
     0 | D:1      | Vidiiot, the Vine Stalker Conjurer, began the quest for the Orb.
     0 | D:1      | Reached XP level 1. HP: 9/9 MP: 3/3
   363 | D:1      | Reached XP level 2. HP: 13/13 MP: 0/6
   755 | D:1      | Reached XP level 3. HP: 14/16 MP: 1/9
   759 | D:1      | Learned a level 2 spell: Searing Ray
   884 | D:1      | Learned a level 3 spell: Dazzling Spray
  1168 | D:4      | Noticed a scorpion
  1270 | D:3      | Reached XP level 4. HP: 21/21 MP: 12/12
  1613 | D:4      | Found a shadowy altar of Dithmenos.
  1690 | D:4      | Reached skill level 1 in Hexes
  1937 | D:4      | Reached XP level 5. HP: 22/24 MP: 13/15
  2226 | D:4      | Reached skill level 5 in Conjurations
  2226 | D:4      | Gained mutation: You heal very quickly. [vine stalker growth]
  2226 | D:4      | Reached XP level 6. HP: 26/28 MP: 14/17
  2241 | D:4      | Killed a scorpion
  2244 | D:4      | Noticed an ogre
  2319 | D:4      | Killed an ogre
  2488 | D:5      | Entered Level 5 of the Dungeon
  2648 | D:5      | Reached skill level 1 in Short Blades
  2648 | D:5      | Reached XP level 7. HP: 21/32 MP: 5/18
  2925 | D:5      | Noticed Edmund
  2935 | D:5      | Killed Edmund
  2935 | D:5      | Reached skill level 5 in Stealth
  3266 | D:5      | Found a staircase to the Ecumenical Temple.
  3274 | D:5      | Noticed Blork the orc
  3279 | Temple   | Entered the Ecumenical Temple
  3293 | Temple   | Became a worshipper of Ashenzari the Shackled
  3363 | D:7      | Gained mutation: You have razor-sharp teeth. [vine stalker growth]
  3363 | D:7      | Reached XP level 8. HP: 36/36 MP: 5/20
  3517 | D:7      | Reached skill level 6 in Stealth
  3568 | D:7      | Learned a level 3 spell: Mephitic Cloud
  3592 | D:7      | Noticed Ijyb
  3602 | D:7      | Killed Ijyb
  3602 | D:7      | Reached skill level 1 in Air Magic
  3602 | D:7      | Reached skill level 1 in Poison Magic
  3858 | D:8      | Noticed Joseph
  4078 | D:8      | Noticed Prince Ribbit
  4131 | D:6      | Reached skill level 5 in Short Blades
  4661 | D:8      | HP: 1/36 [poisoned by a scroll of immolation mimic]
  4661 | D:8      | Slain by a scroll of immolation mimic

Action                   |  1- 3 |  4- 6 |  7- 9 || total
-------------------------+-------+-------+-------++-------
Melee: Unarmed           |    13 |       |       ||    13
       Dagger            |    32 |   114 |   101 ||   247
 Cast: Magic Dart        |    58 |    37 |    32 ||   127
       Searing Ray       |     1 |     7 |     9 ||    17
       Dazzling Spray    |       |     6 |     8 ||    14
Evoke: Wand              |       |       |     2 ||     2
  Use: Scroll            |       |     8 |    11 ||    19
       Potion            |       |       |     1 ||     1
 Stab: Sleeping          |     1 |     2 |     7 ||    10
       Invisible         |       |     1 |     4 ||     5
